 Dungeon Crawl Stone Soup version 0.29.1-1-gd02db6906a (webtiles) character file.

Game seed: 7353098804416378686

44461 MisterFreud the Spry (level 13, -7/69 HPs)
             Began as a Felid Berserker on Oct 20, 2022.
             Was a High Priest of Trog.
             Mangled by a snapping turtle (24 damage)
             ... on level 2 of the Shoals.
             The game lasted 00:53:00 (26802 turns).

MisterFreud the Spry (Felid Berserker)             Turns: 26802, Time: 00:53:01

Health: -7/69      AC:  3    Str: 13    XL:     13   Next: 96%
Magic:  14/14      EV: 44    Int:  9    God:    Trog [*****.]
Gold:   2472       SH:  0    Dex: 29    Spells: 12/12 levels left
                                        Lives:  0   Deaths: 4

rFire   . . .      SeeInvis +     - Unarmed
rCold   + . .      Faith    .   (shield unavailable)
rNeg    . . .      Spirit   .   (body armour unavailable)
rPois   +          Reflect  .   (helmet unavailable)
rElec   .          Harm     .   (cloak unavailable)
rCorr   .          Rampage  .   (gloves unavailable)
Will    .....                   (boots unavailable)
Stlth   +++.......              s - amulet of regeneration
HPRegen 1.01/turn               A - +6 ring of dexterity
MPRegen 0.14/turn               R - ring of poison resistance

@: lit by a corona, weak-willed, marked, mesmerised, glowing, quick
A: very small, claws 1, fangs 3, see invisible, speed 1, shaggy fur 3, stealthy
paws, no weapons or thrown items, no armour, multi-lived
a: Renounce Religion, Berserk, Trog's Hand, Brothers in Arms


You were on level 2 of the Shoals.
You worshipped Trog.
Trog was extremely pleased with you.
You visited 5 branches of the dungeon, and saw 25 of its levels.

You collected 2757 gold pieces.
You spent 285 gold pieces at shops.

Inventory:

Jewellery
 j - a ring of flight
 k - a +4 ring of protection
 m - a ring of magical power
 r - a ring of resist corrosion
 s - an amulet of regeneration (around neck)
 u - a +4 ring of protection
 A - a +6 ring of dexterity (left paw)
 C - a ring of ice
 N - a ring of positive energy
 Q - a ring of fire
 R - a ring of poison resistance (right paw)
 U - a ring of magical power
Wands
 n - a wand of flame (22)
 p - a wand of iceblast (18)
 y - a wand of light (4)
 D - a wand of charming (10)
 J - a wand of digging (9)
 L - a wand of mindburst (7)
 T - a wand of polymorph (3)
Scrolls
 b - 9 scrolls of teleportation
 i - 4 scrolls of silence
 o - 6 scrolls of vulnerability
 q - 5 scrolls of butterflies
 x - 2 scrolls of poison
 B - 5 scrolls of magic mapping
 H - 5 scrolls of identify
 I - a scroll of summoning
 V - a scroll of blinking
Potions
 a - 3 potions of heal wounds
 c - 4 potions of resistance
 d - 12 potions of curing
 e - 4 potions of ambrosia
 f - 2 potions of cancellation
 g - 4 potions of attraction
 h - a potion of lignification
 l - 2 potions of haste
 t - 7 potions of might
 v - 2 potions of mutation
 F - 2 potions of flight
 O - a potion of magic
Miscellaneous
 z - a phial of floods
 E - a condenser vane (inert)
 G - a tin of tremorstones (1/2)
 K - a tin of tremorstones (1/2)
 M - a phial of floods
 P - a lightning rod (4/4)
 S - a box of beasts


   Skills:
 - Level 15.0 Fighting
 - Level 20.0 Dodging
 - Level 15.0 Stealth
 - Level 15.0 Unarmed Combat
 + Level 13.2 Evocations


You had 12 spell levels left.
You didn't know any spells.
Your spell library was empty.

Dungeon Overview and Level Annotations

Branches:
Dungeon (15/15)            Temple (0/1) D:4            Lair (5/5) D:8
 Shoals (2/4) Lair:2        Snake (1/4) Lair:2        Slime (0/5) Lair:4
    Orc (2/2) D:12            Elf (0/3) Orc:2        Vaults (0/5) D:14
 Depths (0/4) D:15

Altars:
Ashenzari
Okawaru
Sif Muna
Trog
Wu Jian
Zin
Jiyva

Shops:
D:2 =   D:3 [   D:11 [   Orc:2 :*([   Shoals:1 ?

Portals:
Trove: D:11 (give 16 scrolls of teleportation)

Annotations:
D:9 4 runed translucent doors
D:11 exclusion: moth of wrath


Innate Abilities, Weirdness & Mutations

You have sharp claws.
You have razor-sharp teeth.
You have supernaturally acute eyesight. (SInv)
You cover ground quickly. (Speed+)
Your thick and shaggy fur keeps you warm. (AC +3, rC+)
Your paws help you pounce on unaware monsters.
You are incapable of wielding weapons or throwing items.
You cannot wear armour.
You gain extra lives every three experience levels.


Message History

The faun is severely wounded.
The merfolk siren chants its luring song.
The faun shoots a sling bullet.
The sling bullet hits you!
* * * LOW HITPOINT WARNING * * *
The faun barely misses you.
The sea snake bites your iron troll but does no damage.
The snapping turtle completely misses you.
Unknown command.
Unknown command.
You barely miss the faun.
The faun is severely wounded.
Your skin stops crawling.
You feel less strong-willed.
The merfolk siren chants its luring song.
Your iron troll bites the sea snake!
Your iron troll claws the sea snake!
Your iron troll barely misses the sea snake.
The merfolk siren chants its luring song.
The sea snake bites your iron troll but does no damage.
The faun shoots a sling bullet.
The sling bullet completely misses you.
The sling bullet hits the faun!
The faun completely misses you.
The snapping turtle completely misses you.
You claw the faun!
You kill the faun!
Trog accepts your kill.
Trog appreciates your killing of a magic user.
The merfolk siren chants a haunting song.
You resist with some effort.
The snapping turtle completely misses you.
The merfolk siren chants its luring song.
Your iron troll bites the sea snake!!
The sea snake dies!
Trog accepts your kill.
The merfolk siren chants its luring song.
Unknown command.
A sea snake comes into view.
The faun unwields a +0 sling.
The faun wields a +0 club.
The faun barely misses you.
A sea snake comes into view.
The merfolk siren chants a haunting song.
The snapping turtle bites you from afar!!
You die...

........~~~~~ ........≈≈≈≈
...m...~≈≈≈ ...m......#
..§...♣...# ..§.......#
....♣.8t♣t# ~~~ ........))# ~~~
......♣.(@#+### .# .~~
.......)TcmS..♣.~.# ~~~
~~~######SS†...♣ ~~~ ~≈
+.†'#####.###.~~~≈ ~~≈ ≈≈≈≈≈≈
#..#§..m#~...~~~~≈ ~~≈ ≈≈≈≈≈≈
#..#....#~~~~~~~≈≈ ~~≈≈≈≈≈~~≈
#♣.#.§..#~~~~~~~~≈
~~~~~.~~≈≈######.♣#...=#~~~~~~~~~
~~..#..≈≈≈≈≈≈≈....######≈~~~~~~~~


You could see 3 sea snakes, 2 snapping turtles, a faun (ally target), 3 merfolk
sirens and a friendly iron troll (summoned, berserk).

Vanquished Creatures
  A frost giant (D:15)
  An orc warlord (Orc:1)
  Nessos (D:12)
  A merfolk javelineer (Shoals:2)
  3 merfolk impalers (Shoals:2)
  A fire dragon (Lair:5)
  Snorg (Lair:5)
  A rakshasa (D:14)
  Erolcha (D:13)
  Harold (D:9)
  2 vault guards (D:14)
  4 boulder beetles
  5 hydras
  An anaconda (Snake:1)
  5 centaur warriors
  Erica (D:10)
  A catoblepas (Lair:4)
  A merfolk aquamancer (Lair:2)
  A two-headed ogre (D:10)
  A death knight (D:14)
  10 death yaks
  A naga warrior (Snake:1)
  4 tengu warriors
  A shock serpent (Snake:1)
  A fire crab (Lair:5)
  6 sea snakes
  A swamp dragon (Lair:5)
  A naga ritualist (Snake:1)
  7 harpies
  4 wizards (D:14)
  Pikel (D:6)
  3 deep elf zephyrmancers (D:13)
  9 deep elf pyromancers
  8 orc knights
  10 ugly things
  11 manticores
  4 orc sorcerers
  2 wolf spiders (Lair:5)
  9 fauns
  A cyclops (D:13)
  2 merfolk sirens
  2 guardian serpents
  14 cane toads
  12 black mambas
  A water nymph (Shoals:2)
  12 elephants
  4 gargoyles
  A molten gargoyle (D:13)
  Maggie (D:6)
  4 rime drakes
  2 unseen horrors (D:12)
  10 komodo dragons
  An efreet (D:14)
  4 tengu conjurers
  4 merfolk
  A queen bee (shapeshifter) (D:15)
  3 hornets
  6 trolls
  Prince Ribbit (D:6)
  5 dream sheep
  15 blink frogs
  2 polar bears
  5 wind drakes
  8 slime creatures
  A snapping turtle (Lair:2)
  2 shadows
  Sigmund (D:5)
  A wraith (D:12)
  29 yaks
  4 basilisks
  12 wyverns
  18 humans (D:14)
  8 water elementals
  3 vampires
  A redback (Lair:4)
  3 vampire mosquitoes
  3 steam dragons
  2 wargs (Orc:1)
  Edmund (D:6)
  19 water moccasins
  5 acid dragons
  Duvessa (D:6)
  A swamp drake (Lair:5)
  An ice beast (D:7)
  32 orc warriors
  6 black bears
  4 wolves (Lair:3)
  4 ogres
  6 centaurs
  A phantom (D:6)
  12 bullfrogs
  A necrophage (D:4)
  3 scorpions
  4 wights (D:6)
  A gnoll sergeant (Orc:2)
  Dowan (D:6)
  17 killer bees
  A howler monkey (D:12)
  5 electric eels
  3 lava snakes (D:13)
  5 hounds
  A gnoll bouda (D:7)
  20 orc priests
  Jessica (D:3)
  Natasha (thrice) (D:2)
  8 iguanas
  28 orc wizards
  12 hell rats
  10 adders
  11 gnolls
  5 worms
  5 dart slugs
  85 orcs
  5 ball pythons
  3 bats
  7 endoplasms
  3 giant cockroaches
  9 goblins
  12 hobgoblins
  3 jackals (D:5)
  A quokka (D:2)
  4 frilled lizards
  10 kobolds
  7 rats
  A fire vortex (D:13)
724 creatures vanquished.

Vanquished Creatures (collateral kills)
  An orc warlord (Orc:2)
  A vault guard (D:14)
  A death yak (Lair:5)
  An orc high priest (Orc:2)
  2 sea snakes
  A harpy (Shoals:1)
  3 fauns (Shoals:2)
  A cyclops (Shoals:2)
  A manticore (Shoals:2)
  2 merfolk
  A snapping turtle (Shoals:1)
  A dream sheep (Shoals:2)
  2 orc warriors (Orc:2)
  An orc priest (Orc:2)
19 creatures vanquished.

Vanquished Creatures (others)
  A komodo dragon (Lair:5)
  A wind drake (Shoals:2)
  31 fungi
  79 plants
112 creatures vanquished.

Grand Total: 855 creatures vanquished

Notes
Turn   | Place    | Note
-------+----------+-------------------------------------------
     0 | D:1      | MisterFreud the Felid Berserker began the quest for the
                  | Orb.
     0 | D:1      | Reached XP level 1. HP: 10/10 MP: 2/2
    29 | D:1      | Reached skill level 1 in Stealth
   165 | D:1      | Reached XP level 2. HP: 14/14 MP: 3/3
   998 | D:1      | Found a faded altar of an unknown god.
  1004 | D:1      | Reached XP level 3. HP: 17/17 MP: 4/4
  1288 | D:2      | Found Xorhoprati's Jewellery Shoppe.
  1487 | D:2      | You fall into a shaft and drop 2 floors!
  1580 | D:4      | Found a staircase to the Ecumenical Temple.
  1584 | D:3      | Reached ** piety under Trog
  1934 | D:2      | Noticed Natasha
  2081 | D:2      | Killed Natasha
  2082 | D:2      | Reached XP level 4. HP: 21/21 MP: 5/5
  2299 | D:2      | Noticed Natasha
  2309 | D:2      | Killed Natasha
  2464 | D:2      | Reached XP level 5. HP: 24/24 MP: 6/6
  2709 | D:2      | Reached skill level 5 in Stealth
  2830 | D:2      | Noticed Natasha
  2849 | D:2      | Killed Natasha
  3098 | D:3      | Noticed Jessica
  3105 | D:3      | Killed Jessica
  3106 | D:3      | Reached skill level 5 in Unarmed Combat
  3313 | D:3      | Found Ved Kih's Antique Armour Boutique.
  3618 | D:3      | Gained mutation: You are covered in thick fur. (AC +2)
                  | [Felid growth]
  3618 | D:3      | Reached XP level 6. HP: 7/28 MP: 7/7
  4208 | D:4      | Found an iron altar of Okawaru.
  4209 | D:4      | Found an ornate altar of the Wu Jian Council.
  4238 | D:4      | Reached *** piety under Trog
  4312 | D:4      | Noticed a steam dragon
  4320 | D:4      | Killed a steam dragon
  4321 | D:4      | Reached skill level 5 in Dodging
  4404 | D:4      | Reached XP level 7. HP: 31/31 MP: 8/8
  4572 | D:4      | Reached skill level 6 in Dodging
  4583 | D:4      | Reached skill level 7 in Dodging
  4830 | D:4      | Identified the +8 ring mail "Jeoly" {Str+2}
  4929 | D:5      | Entered Level 5 of the Dungeon
  5012 | D:5      | Found a broken altar of Ashenzari.
  5048 | D:5      | Reached skill level 8 in Dodging
  5400 | D:5      | Noticed Sigmund
  5414 | D:5      | Killed Sigmund
  5415 | D:5      | Reached skill level 9 in Dodging
  5415 | D:5      | Reached XP level 8. HP: 34/34 MP: 9/9
  5652 | D:5      | Reached skill level 10 in Dodging
  5780 | D:5      | Reached skill level 1 in Evocations
  6323 | D:6      | Noticed Maggie
  6338 | D:6      | Killed Maggie
  6434 | D:6      | Noticed Pikel
  6450 | D:6      | Killed Pikel
  6451 | D:6      | Reached skill level 5 in Fighting
  6451 | D:6      | Reached skill level 5 in Evocations
  6451 | D:6      | Reached XP level 9. HP: 41/41 MP: 10/10
  6658 | D:6      | Noticed Duvessa
  6659 | D:6      | Noticed Dowan
  6669 | D:6      | Killed Duvessa
  6676 | D:6      | Killed Dowan
  6796 | D:6      | Noticed Edmund
  6799 | D:6      | Killed Edmund
  6915 | D:6      | Noticed Prince Ribbit
  6947 | D:6      | Killed Prince Ribbit
  7118 | D:6      | Reached skill level 11 in Dodging
  7197 | D:6      | Reached **** piety under Trog
  7762 | D:7      | Reached XP level 10. HP: 45/45 MP: 11/11
  8474 | D:8      | Reached skill level 12 in Dodging
  8522 | D:8      | Reached skill level 10 in Stealth
  8622 | D:8      | Found a staircase to the Lair.
  8942 | D:8      | Found a shimmering blue altar of Sif Muna.
  8959 | D:8      | Found a glowing silver altar of Zin.
  9377 | D:9      | Found a runed translucent door.
  9568 | D:9      | Reached skill level 13 in Dodging
  9635 | D:9      | Noticed Harold
  9636 | D:9      | Found a runed translucent door.
  9649 | D:9      | Killed Harold
  9680 | D:9      | Found a runed translucent door.
  9693 | D:9      | Found a runed translucent door.
  9840 | D:9      | Reached XP level 11. HP: 45/48 MP: 12/12
  9989 | D:10     | Entered Level 10 of the Dungeon
 10002 | D:10     | Identified the +5 chain mail of the Slightly Bent {rF+
                  | Regen+ Dex+3 Slay+2}
 10112 | D:10     | Reached skill level 14 in Dodging
 10112 | D:10     | Reached skill level 10 in Unarmed Combat
 10253 | D:11     | Found a portal to a secret trove of treasure.
 10530 | D:10     | Noticed Erica
 10544 | D:10     | Killed Erica
 10721 | D:10     | Noticed a two-headed ogre
 10834 | D:10     | Killed a two-headed ogre
 10912 | D:9      | Paralysed by a hornet for 3 turns
 11281 | D:11     | Found Hugeac's Armour Shop.
 11374 | D:11     | Noticed an orc knight
 11388 | D:11     | Killed an orc knight
 11772 | D:11     | Found a bloodstained altar of Trog.
 11918 | D:12     | Noticed Nessos
 11935 | D:12     | HP: 2/79 [poisoned by Nessos]
 11935 | D:12     | Slain by Nessos
 11936 | D:12     | Reached XP level 10. HP: 0/73 MP: 11/11
 12102 | D:12     | Reached XP level 11. HP: 28/54 MP: 12/12
 12205 | D:12     | Found a staircase to the Orcish Mines.
 12437 | D:12     | Reached skill level 10 in Fighting
 12496 | D:12     | Killed Nessos
 12496 | D:12     | Reached ***** piety under Trog
 12512 | D:13     | Noticed a tengu warrior
 12519 | D:13     | Killed a tengu warrior
 12563 | D:13     | Noticed a cyan ugly thing
 12566 | D:13     | Killed a cyan ugly thing
 12698 | D:13     | Noticed a tengu warrior
 12705 | D:13     | Reached skill level 10 in Evocations
 12718 | D:13     | Killed a tengu warrior
 12854 | D:13     | Noticed Erolcha
 12854 | D:13     | Noticed a four-headed hydra
 12868 | D:13     | Killed a four-headed hydra
 12875 | D:13     | Killed Erolcha
 13042 | D:13     | Noticed a deep elf pyromancer
 13044 | D:13     | Killed a deep elf pyromancer
 13091 | D:13     | Noticed a boulder beetle
 13105 | D:13     | Killed a boulder beetle
 13116 | D:13     | Gained mutation: Your thick and shaggy fur keeps you warm.
                  | (AC +3, rC+) [Felid growth]
 13116 | D:13     | Reached XP level 12. HP: 59/59 MP: 13/13
 13390 | Lair:1   | Entered Level 1 of the Lair of Beasts
 13836 | Lair:1   | Found a gate leading to a gauntlet.
 14148 | Lair:1   | Found the +6 arbalest "Damnation" {damnation}
 14408 | Lair:2   | Found a staircase to the Snake Pit.
 14428 | Lair:2   | Found a staircase to the Shoals.
 15376 | Lair:3   | Noticed a seven-headed hydra
 15406 | Lair:3   | Killed a seven-headed hydra
 15665 | Lair:3   | Noticed a death yak
 15666 | Lair:3   | Noticed a death yak
 15667 | Lair:3   | Noticed a death yak
 15669 | Lair:3   | Noticed a death yak
 15670 | Lair:3   | Noticed a death yak
 15695 | Lair:3   | Killed a death yak
 15704 | Lair:3   | Killed a death yak
 15713 | Lair:3   | Killed a death yak
 15814 | Lair:3   | Killed a death yak
 15821 | Lair:3   | Killed a death yak
 16469 | Lair:4   | Reached XP level 13. HP: 65/65 MP: 14/14
 16546 | Lair:5   | Entered Level 5 of the Lair of Beasts
 16733 | Lair:4   | Found a viscous altar of Jiyva.
 16733 | Lair:4   | Found a staircase to the Slime Pits.
 18165 | Lair:5   | HP: 3/67 [guardian serpent (12)]
 18672 | Lair:5   | Reached XP level 14. HP: 61/72 MP: 15/15
 18914 | Lair:5   | Noticed Snorg
 18928 | Lair:5   | Killed Snorg
 19020 | Lair:4   | Reached skill level 15 in Fighting
 19020 | Lair:4   | Reached skill level 15 in Unarmed Combat
 19396 | Lair:5   | HP: 5/109 [poison (poison gas)]
 19397 | Lair:5   | Reached skill level 15 in Dodging
 19397 | Lair:5   | Succumbed to poison (poison gas)
 19398 | Lair:5   | Reached XP level 13. HP: -3/103 MP: 14/14
 20251 | D:13     | Reached skill level 16 in Dodging
 20932 | D:14     | Reached skill level 17 in Dodging
 21094 | D:14     | Reached XP level 14. HP: 70/73 MP: 15/15
 21272 | D:14     | Reached skill level 18 in Dodging
 21372 | D:14     | Found a gate to the Vaults.
 21696 | D:15     | Entered Level 15 of the Dungeon
 21776 | D:15     | Reached skill level 19 in Dodging
 22049 | D:15     | Found a staircase to the Depths.
 22049 | D:15     | Noticed a frost giant
 22060 | D:15     | Killed a frost giant
 22527 | Orc:1    | Entered Level 1 of the Orcish Mines
 22527 | Orc:1    | Noticed an orc warlord
 22544 | Orc:1    | Killed an orc warlord
 22545 | Orc:1    | Reached skill level 20 in Dodging
 22619 | D:12     | Reached ****** piety under Trog
 22976 | Orc:2    | Entered Level 2 of the Orcish Mines
 23012 | Orc:2    | Found a staircase to the Elven Halls.
 23541 | Orc:1    | You fall into a shaft and drop 1 floor!
 23582 | Orc:2    | Noticed an orc warlord
 23588 | Orc:2    | Killed an orc warlord
 24320 | Orc:2    | Found Falonkaap's Book Shop.
 24329 | Orc:2    | Found Teotix's General Store.
 24343 | Orc:2    | Bought a scroll of blinking for 105 gold pieces
 24343 | Orc:2    | Bought a potion of heal wounds for 70 gold pieces
 24343 | Orc:2    | Bought a potion of might for 56 gold pieces
 24422 | Orc:2    | Found Rounedi's Antique Armour Shop.
 24748 | Orc:2    | Found Qasa's Antique Weapon Shop.
 25008 | Snake:1  | Entered Level 1 of the Snake Pit
 25123 | Snake:1  | Reached XP level 15. HP: 61/77 MP: 16/16
 25235 | Shoals:1 | Entered Level 1 of the Shoals
 25441 | Shoals:1 | Found Vuafodiu's Magic Scroll Shoppe.
 25486 | Shoals:1 | Bought a scroll of teleportation for 54 gold pieces
 25939 | Shoals:2 | Reached skill level 15 in Stealth
 26234 | Shoals:1 | HP: 1/115 [wind drake/the air (14)]
 26235 | Shoals:1 | Collided with some deep water
 26236 | Shoals:1 | Reached XP level 14. HP: -4/109 MP: 15/15
 26457 | Shoals:1 | Killed from afar by a wind drake
 26458 | Shoals:1 | Reached XP level 13. HP: -4/103 MP: 14/14
 26643 | Shoals:2 | Noticed a merfolk impaler
 26655 | Shoals:2 | Killed a merfolk impaler
 26762 | Shoals:2 | Noticed a merfolk javelineer
 26771 | Shoals:2 | Killed a merfolk javelineer
 26802 | Shoals:2 | Mangled by a snapping turtle

Illustrated notes

Levels and vault maps discovered:
D:1:      minmay_arrival_arboretum_large, layout_loops_ring,
          shapermc_ecumenical_altar_pompeii
D:2:      layout_loops_ring, serial_shops, shop, uniq_natasha
D:3:      layout_loops_ring, serial_shops, shop, grunt_ministairs_6,
          uniq_jessica
D:4:      layout_basic, jmf_multi_god_temple, minmay_temple_entry_slanted,
          roderic_lattice_a
D:5:      layout_layer_cave, cheibrodos_ashenzari_chains, uniq_sigmund
D:6:      layout_loops_corners, minmay_small_thing, uniq_maggie, uniq_pikel,
          uniq_duvessa, uniq_edmund, uniq_prince_ribbit1
D:7:      layout_basic
D:8:      layout_cave_pods, zin_treasury, mainiacjoe_overflow_alcove_4,
          due_lair_maze_entry_diamond, nrook_loot_triangle
D:9:      layout_cave_pools, minmay_statue_crystal_thing, uniq_harold
D:10:     layout_big_octagon, minmay_misc_feat_pillars, kennysheep_kite_vault,
          uniq_erica
D:11:     layout_gridville, nicolae_trove_entry_free_sample, serial_shops,
          shop_statue, tgw_trog
D:12:     layout_rooms, uniq_nessos
D:13:     layout_basic, elves_outpost_lemuel, uniq_erolcha
D:14:     minmay_general_purpose_star, layout_irregular_city,
          grunt_vaults_entry_tiered, serial_bayou_pond_b, minivault_1,
          drop_trap, grunt_ministairs_7
D:15:     grunt_enter_depths_snipers, layout_cave_pools
Lair:1:   layout_cave_pods, gauntlet_entry_generic,
          chequers_serial_rivers_room_b, chequers_serial_rivers_large_b
Lair:2:   layout_small_grid, minmay_shoals_entry_beasts,
          minmay_snake_entry_spellcaster, serial_bayou_shore_a
Lair:3:   layout_gridlike, small_statue_intersection
Lair:4:   layout_misc_corridors, dpeg_slime_entry_enclosed, lookout_lair_type
Lair:5:   hangedman_lair_tendril_chambers, layout_misc_corridors,
          guppyfry_lair_end_dragon, uniq_snorg
Shoals:1: layout_shoals, serial_shops, shop_fountains
Shoals:2: cheibrodos_shoals_epimethial_gifts, layout_shoals
Snake:1:  layout_onion_interference, ebering_ghost_reflecting_pool,
          nicolae_snake_gridmaze_squiggle
Orc:1:    layout_caves, statue_in_the_mist_lemuel, abandoned_shop,
          nicolae_orc_rockfall
Orc:2:    grunt_orc_cross, layout_caves, basic_altar

Skill      XL: |  1  2  3  4  5  6  7  8  9 10 11 12 13 14 15 |
---------------+----------------------------------------------+-----
Stealth        | 1 2 4 6 8 10 13 15 | 15.0
Unarmed Combat | 4 5 6 7 9 10 12 14 15 | 15.0
Dodging        | 5 9 10 11 13 14 17 20 | 20.0
Evocations     | 5 10 13 11 | 13.2
Fighting       | 5 6 10 12 14 15 | 15.0

Action                   |  1- 3 |  4- 6 |  7- 9 | 10-12 | 13-15 || total
-------------------------+-------+-------+-------+-------+-------++-------
Melee: Unarmed           |    99 |   121 |   310 |   926 |  1567 ||  3023
       Bite              |     7 |    10 |    39 |   146 |   278 ||   480
       Punch             |     2 |     1 |    26 |    79 |   185 ||   293
Invok: Berserk           |     1 |     5 |     7 |    17 |    28 ||    58
       Trog's Hand       |       |       |       |     4 |    11 ||    15
       Brothers in Arms  |       |       |       |       |     6 ||     6
Evoke: Wand              |       |       |       |     1 |    15 ||    16
       Phial of floods   |       |       |       |     1 |       ||     1
       Condenser vane    |       |       |       |       |     5 ||     5
       Tin of tremorston |       |       |       |       |     1 ||     1
  Use: Scroll            |     4 |     6 |     8 |    10 |     6 ||    34
       Potion            |       |       |     1 |     1 |     9 ||    11
 Stab: Sleeping          |    10 |    13 |    15 |    26 |    23 ||    87
       Distracted        |       |       |       |       |     8 ||     8
Armor: Skin              |     2 |    13 |    20 |   103 |   120 ||   258
Dodge: Dodged            |    64 |    68 |   323 |  1057 |  1878 ||  3390
